 Dungeon Crawl Stone Soup version 0.25-a0-510-ge065f6de7d (webtiles) character file.

Game seed: 15001196614596170442, levelgen mode: deterministic

226 Kohma the Chiller (level 5, -2/38 HPs)
             Began as a Draconian Ice Elementalist on Feb 15, 2020.
             Was an Initiate of Dithmenos.
             Killed from afar by an orc wizard (4 damage)
             ... with a puff of frost
             ... on level 4 of the Dungeon.
             The game lasted 00:08:28 (3345 turns).

Kohma the Chiller (Draconian Ice Elementalist)      Turns: 3345, Time: 00:08:29

Health: -2/38      AC:  7    Str: 11    XL:     5   Next: 69%
Magic:  8/10       EV: 12    Int: 16    God:    Dithmenos [......]
Gold:   139        SH:  0    Dex: 11    Spells: 6/10 levels left

rFire    . . .     SeeInvis .   b - +0 hunting sling
rCold    . . .     Gourm    .   (no shield)
rNeg     . . .     Faith    .   (armour unavailable)
rPois    .         Spirit   .   (helmet restricted)
rElec    .         Reflect  .   l - +0 cloak
rCorr    .         Harm     .   (no gloves)
MR       .....                  q - +0 pair of boots
Stlth    ++........             (no amulet)
HPRegen  0.12/turn              u - ring of flight
MPRegen  0.12/turn              (no ring)

@: hasted, very quick
A: unfitting armour, cold-blooded, AC +5
a: Renounce Religion, Evoke Flight


You were on level 4 of the Dungeon.
You worshipped Dithmenos.
Dithmenos was noncommittal.
You were hungry.

You visited 2 branches of the dungeon, and saw 5 of its levels.

You collected 139 gold pieces.

Inventory:

Hand Weapons
 a - a +0 short sword
 b - a +0 hunting sling (weapon)
Missiles
 j - 127 stones (quivered)
 p - 15 poisoned darts
Armour
 l - a +0 cloak (worn)
 q - a +0 pair of boots (worn)
Jewellery
 u - a ring of flight (left hand)
Wands
 f - a wand of acid (8)
 o - a wand of random effects (18)
Scrolls
 c - 5 scrolls of identify {unknown}
 e - a scroll of enchant weapon {unknown}
 g - a scroll of fear {unknown}
 h - 3 scrolls of teleportation {unknown}
 m - 3 scrolls of magic mapping {unknown}
Potions
 d - a potion of invisibility {unknown}
 k - a potion of flight {unknown}
 n - a potion of agility {unknown}
 s - a potion of brilliance {unknown}
 v - a potion of curing {unknown}
Comestibles
 i - 5 rations
 t - 2 chunks of flesh


   Skills:
 - Level 1.7 Dodging
 - Level 1.7 Stealth
 + Level 3.3 Spellcasting
 * Level 6.0 Ice Magic
 + Level 1.8 Invocations


You had 6 spell levels left.
You knew the following spells:

 Your Spells              Type           Power        Failure   Level  Hunger
a - Freeze                Ice            ###.         1%          1    None
b - Frozen Ramparts       Ice            ###...       4%          3    ###....

Your spell library contained the following spells:

 Spells                   Type           Power        Failure   Level  Hunger
 Ozocubu's Armour         Chrm/Ice       ##......     16%         3    ###....
 Hailstorm                Conj/Ice       ##......     45%         4    ####...
 Summon Ice Beast         Ice/Summ       ##......     45%         4    ####...


Dungeon Overview and Level Annotations

Branches:
Dungeon (4/15)             Temple (1/1) D:4

Altars:
Ashenzari
Cheibriados
Dithmenos
Elyvilon
Hepliaklqana
Kikubaaqudgha
Nemelex Xobeh
Qazlal
Trog
Uskayaw
Xom
Yredelemnul
Zin
The Shining One


Innate Abilities, Weirdness & Mutations

Your plain brown scales are hard. (AC +5)
You cannot fit into any form of body armour.
You are cold-blooded and may be slowed by cold attacks.


Message History

You see here a stone.
No target in view!
An orc comes into view. It is wielding a +0 club.
Things that are here:
a +0 flail; an orc skeleton A puff of frost appears from out of thin air!
The puff of frost hits you!
A magic dart appears from out of thin air!
The magic dart hits you.
A magic dart appears from out of thin air!
The magic dart hits you!
A puff of flame appears from out of thin air!
The puff of flame hits you.
A puff of frost appears from out of thin air!
The puff of frost hits you!
* * * LOW HITPOINT WARNING * * *
It was a potion of haste.
You feel yourself speed up.
A puff of frost appears from out of thin air!
The puff of frost hits you.
You die...

#....###.......##
###..##..........
######..#.........##
#..<......>.......#
#.#.##..#......[..#
#.#.##..##...#.#).#
#.#.##..###.##.##.##
#.#......#.........#
#.#@.##.............
#.#..##.##..⌠...⌠..#
#.#..##.##.........#
#.#..##.......>.....
#..{...#o........#
#..#####..⌠...⌠..#
#..###............
#..##..#.........#
#.)##..##.##.##.##


There were no monsters in sight!

Vanquished Creatures
  An orc wizard (D:4)
  Crazy Yiuf (D:2)
  Jessica (D:2)
  A worker ant (D:4)
  A hound skeleton (D:4)
  4 adders
  2 worms (D:2)
  2 dart slugs (D:1)
  3 leopard geckos
  5 orcs (D:4)
  A ball python (D:3)
  5 giant cockroaches
  4 goblins
  4 hobgoblins
  6 jackals (D:1)
  6 kobolds
  4 bats
  3 frilled lizards (D:1)
  A rat (D:2)
55 creatures vanquished.

Notes
Turn   | Place    | Note
-------+----------+-------------------------------------------
     0 | D:1      | Kohma the Draconian Ice Elementalist began the quest for
                  | the Orb.
     0 | D:1      | Reached XP level 1. HP: 14/14 MP: 3/3
   175 | D:1      | Reached XP level 2. HP: 20/20 MP: 1/5
   746 | D:1      | Reached XP level 3. HP: 5/26 MP: 0/6
   751 | D:1      | Learned a level 3 spell: Frozen Ramparts
  1345 | D:2      | Found a runed translucent door.
  1346 | D:2      | Noticed Crazy Yiuf
  1368 | D:2      | Killed Crazy Yiuf
  1368 | D:2      | Reached skill level 5 in Ice Magic
  1368 | D:2      | Reached XP level 4. HP: 33/33 MP: 0/8
  1665 | D:2      | Found a glowing golden altar of the Shining One.
  1667 | D:2      | Found a shadowy altar of Dithmenos.
  1678 | D:2      | Became a worshipper of Dithmenos the Shadowed
  1953 | D:2      | Noticed Jessica
  1976 | D:2      | Killed Jessica
  2172 | D:3      | Reached skill level 1 in Invocations
  2199 | D:3      | Reached XP level 5. HP: 36/38 MP: 5/9
  2465 | D:3      | Found a shimmering altar of Xom.
  2465 | D:3      | Noticed an angel
  2472 | D:3      | Found a glowing silver altar of Zin.
  2970 | D:4      | Found a staircase to the Ecumenical Temple.
  3021 | D:4      | Reached skill level 6 in Ice Magic
  3052 | Temple   | Entered the Ecumenical Temple
  3345 | D:4      | Killed from afar by an orc wizard

Levels and vault maps discovered:
D:1:      lightli_arrival_boilingwater, layout_basic
D:2:      layout_basic, minitemple, hangedman_feature_mirror, chequers_garden,
          uniq_jessica, uniq_crazy_yiuf_cottage
D:3:      layout_rooms, grunt_temple_overflow_order_and_chaos_1, serial_forest,
          infiniplex_forest_clump_small, infiniplex_forest_join,
          infiniplex_forest_clump_small, infiniplex_forest_lined_1,
          infiniplex_forest_lined_2, infiniplex_forest_straight_5,
          infiniplex_forest_clump_tiny, infiniplex_forest_clump_long
D:4:      layout_loops_ring, grunt_temple_overflow_open,
          minmay_temple_entry_large_hall
Temple:   compressed_dpeg_circular_temple

Skill      XL: |  1  2  3  4  5 |
---------------+----------------+-----
Ice Magic      | 5 6 |  6.0
Spellcasting   | 3 |  3.3
Invocations    | 1 |  1.8
Dodging        | |  1.7
Stealth        | |  1.7

Action                   |  1- 3 |  4- 6 || total
-------------------------+-------+-------++-------
Melee: Unarmed           |    13 |       ||    13
       Short sword       |    24 |       ||    24
       Tailslap          |     5 |       ||     5
       Club              |     1 |       ||     1
 Fire: Hunting sling     |       |    72 ||    72
 Cast: Freeze            |    29 |     4 ||    33
       Frozen Ramparts   |     6 |    13 ||    19
  Use: Potion            |       |     1 ||     1
 Stab: Sleeping          |     2 |       ||     2
  Eat: Chunk             |     2 |     7 ||     9
Armor: Skin              |    18 |    19 ||    37
Dodge: Dodged            |    48 |    33 ||    81

Table legend:
 A = Non-vault XP
 B = Vault XP
 C = Vault XP percentage of total XP
 D = Non-vault monster count
 E = Vault monster count
 F = Vault count percentage of total count
                 A         B        C        D         E       F
            +---------+---------+-------+---------+---------+-------
      Total |     244 |      79 |  24.5 |      51 |       4 |   7.3
            +---------+---------+-------+---------+---------+-------
        D:1 |      45 |       0 |   0.0 |      23 |       0 |   0.0
        D:2 |      52 |      79 |  60.3 |      13 |       4 |  23.5
        D:3 |      38 |       0 |   0.0 |       7 |       0 |   0.0
        D:4 |     109 |       0 |   0.0 |       8 |       0 |   0.0
            +---------+---------+-------+---------+---------+-------
